AoeStats
← VIT Liereyy

Arabian Desert

510512556Analyzed
1v1 RM · 1d ago on Oct 1, 2026· 26m 32s· 2 players
Game mode
Random Map
Map size
Tiny (2 player)
Population
200
Speed
Normal
Resources
Standard
Victory
Conquest
Starting age
Dark Age
Ending age
Imperial Age
RankedLock teamsTeams togetherTeam positionsShared explorationLock speedFull tech treeHidden civsTurbo modeCheats
Victory
Defeat
🇦🇹 Armenians · Austria
2928
+16
🇳🇴 Britons · Norway
2922
-16
TAG_MbL_
6:30 Loom
9:16 Feudal Age
10:08 Double-Bit Axe
12:52 Fletching
21:35 Castle Age
20:51 Stone Mining
VIT Liereyy
5:52 Loom
8:23 Feudal Age
8:52 Double-Bit Axe
11:29 Fletching
14:11 Horse Collar
17:54 Scale Barding Armor
22:14 Castle Age
20:59 Scale Barding Armor
20:56 Gold Mining
21:45 Bloodlines
25:21 Bow Saw
26:22 Elite Skirmisher
Connection lost

Rejoining the realm…

Still unreachable

The connection could not be restored.

Session expired

The server has moved on; the page needs a fresh start.